Map: Triton LE

Players

Cliggity

  • Race: Protoss Protoss
  • League: Diamond
  • Spawn Location: 5:00

GabrielS - Winner!

  • Race: Protoss Protoss
  • Spawn Location: 11:00

VOD

Have the link to the VOD?

Description

Time

  • Played on: Nov. 3, 2019, 1:20 a.m.
  • Length: 13:37
Show
View Real Time Build Order
Export as new Build Order

Cliggity Protoss 

Build Orders:  

Get SALT Encoding   

  12  0:00  Probe  
  13  0:13  Probe  
  14  0:18  Pylon  
  14  0:25  Probe (Chrono Boost)  
  15  0:37  Probe (Chrono Boost)  
  15  0:39  Gateway  
  16  0:45  Probe (Chrono Boost)  
  16  0:48  Assimilator  
  17  0:53  Assimilator  
  17  0:57  Probe  
  18  1:09  Gateway  
  18  1:16  Probe (Chrono Boost)  
  19  1:28  Probe (Chrono Boost)  
  19  1:29  Pylon  
  20  1:35  Probe (Chrono Boost)  
  21  1:40  Cybernetics Core  
  21  1:43  Probe  
  22  1:55  Probe  
  23  2:12  Probe  
  24  2:18  Stalker x2  
  28  2:25  Probe  
  29  2:33  Warp Gate (Chrono Boost)  
  30  2:37  Probe  
  30  2:41  Robotics Facility  
  30  3:10  Shield Battery  
  30  3:14  Stalker (Chrono Boost)  
  31  3:20  Sentry (Chrono Boost)  
  28  3:33  Pylon  
  28  3:51  Immortal  
  28  3:52  Pylon  
  32  4:07  Gateway  
  32  4:08  Gateway  
  32  4:16  Stalker x2  
  36  4:22  Pylon  
  36  4:25  Pylon  
  36  4:31  Nexus  
  36  4:34  Pylon  
  36  4:40  Warp Prism (Chrono Boost)  
  38  5:03  Shield Battery  
  38  5:04  Shield Battery  
  42  5:14  Immortal  
  42  5:19  Probe  
  43  5:31  Probe  
  44  5:36  Forge  
  44  5:43  Probe  
  44  5:48  Stalker  
  47  5:53  Observer  
  48  6:11  Protoss Ground Weapons Level 1 (Chrono Boost)  
  48  6:17  Stalker  
  48  6:18  Stalker x3  
  56  6:27  Probe x2  
  58  6:39  Probe x2  
  60  6:51  Probe x2  
  60  6:53  Stalker x2  
  60  6:58  Warp Prism (Chrono Boost)  
  60  7:03  Probe x2  
  64  7:15  Probe x2  
  66  7:27  Probe x2  
  68  7:32  Twilight Council  
  68  7:43  Immortal  
  72  7:52  Gateway  
  72  7:53  Pylon x2  
  72  8:15  Stalker x4  
  80  8:25  Protoss Ground Weapons Level 2 (Chrono Boost)  
  80  8:28  Immortal  
  80  8:32  Gateway  
  80  8:34  Gateway  
  84  8:44  Charge (Chrono Boost)  
  62  9:20  Zealot x5  
  72  9:44  Immortal  
  76  9:53  Assimilator  
  76  9:55  Assimilator  
  76  9:58  Adept  
  76  9:59  Adept x4  
  86  10:04  Nexus  
  86  10:05  Pylon  
  86  10:09  Pylon  
  82  10:22  Observer  
  82  10:24  Probe x2  
  82  10:28  Zealot x2  
  82  10:29  Zealot x5  
  92  10:36  Probe  
  91  10:49  Protoss Ground Weapons Level 3 (Chrono Boost)  
  90  10:51  Zealot x4  
  90  10:52  Zealot x3  
  104  11:01  Probe x2, Templar Archives  
  106  11:13  Probe x2  
  108  11:25  Probe (Chrono Boost)  
  109  11:26  Warp Prism  
  109  11:30  Probe (Chrono Boost)  
  109  11:31  Probe (Chrono Boost)  
  113  11:37  Probe (Chrono Boost)  
  116  11:40  Probe (Chrono Boost)  
  116  11:41  Probe (Chrono Boost)  
  116  11:43  Assimilator, Probe (Chrono Boost)  
  116  11:45  High Templar, Probe x2 (Chrono Boost)  
  119  11:50  High Templar  
  119  11:51  Probe  
  124  11:57  Gateway  
  124  11:58  Archon  
  124  12:07  Probe x3  
  127  12:12  Assimilator  
  127  12:19  Probe  
  127  12:20  Zealot x5  
  130  12:26  Nexus  
  130  12:35  Probe x3  
  133  12:47  Pylon  
  133  12:49  Pylon  
  133  12:52  Pylon  
  133  12:55  Pylon  
  133  13:05  Probe  
  133  13:08  Zealot x5, Pylon  
  133  13:09  Zealot x2, Pylon  
  98  13:29  Zealot x6  
  98  13:30  Zealot  
Show
View Real Time Build Order
Export as new Build Order

GabrielS Protoss - Winner!

Build Orders: Chargelot Immortal 

Get SALT Encoding   

  12  0:00  Probe  
  13  0:12  Probe (Chrono Boost)  
  14  0:17  Pylon  
  14  0:25  Probe (Chrono Boost)  
  15  0:34  Probe (Chrono Boost)  
  16  0:38  Gateway  
  16  0:44  Probe  
  16  0:48  Assimilator  
  17  0:56  Probe  
  18  0:58  Assimilator  
  18  1:08  Probe  
  19  1:14  Gateway  
  19  1:21  Probe  
  20  1:32  Cybernetics Core  
  20  1:33  Probe  
  21  1:45  Probe  
  22  1:52  Pylon  
  22  1:57  Probe  
  23  2:08  Stalker (Chrono Boost)  
  23  2:09  Stalker (Chrono Boost)  
  23  2:10  Probe  
  28  2:31  Stalker  
  30  2:39  Robotics Facility  
  30  2:50  Pylon  
  30  2:51  Stalker  
  31  3:15  Stalker  
  33  3:30  Immortal (Chrono Boost)  
  37  3:51  Nexus  
  37  3:55  Pylon  
  37  4:02  Observer  
  38  4:13  Probe  
  39  4:22  Warp Gate (Chrono Boost), Shield Battery  
  39  4:33  Pylon  
  39  4:43  Pylon  
  39  4:51  Immortal  
  39  4:52  Sentry x2  
  47  5:01  Probe  
  48  5:08  Probe  
  48  5:13  Probe  
  50  5:20  Probe  
  51  5:26  Stargate  
  51  5:35  Stalker (Chrono Boost)  
  51  5:36  Stalker (Chrono Boost)  
  55  6:03  Probe x2  
  57  6:05  Assimilator  
  57  6:07  Assimilator  
  57  6:08  Gateway  
  57  6:09  Twilight Council, Gateway  
  57  6:11  Observer  
  57  6:15  Probe  
  57  6:20  Phoenix (Chrono Boost)  
  60  6:26  Pylon  
  60  6:27  Probe x2 (Chrono Boost)  
  60  6:29  Immortal  
  65  6:37  Probe (Chrono Boost)  
  65  6:39  Probe (Chrono Boost)  
  65  6:53  Stalker x2  
  69  6:57  Probe x2  
  71  7:06  Charge (Chrono Boost)  
  71  7:10  Probe  
  71  7:11  Probe  
  71  7:14  Zealot x2  
  77  7:27  Nexus  
  77  7:28  Pylon  
  77  7:30  Probe  
  77  7:33  Pylon  
  78  7:46  Probe  
  78  7:47  Forge  
  78  7:48  Forge  
  78  7:50  Zealot x3  
  85  7:53  Pylon  
  85  7:54  Probe  
  86  7:59  Probe  
  88  8:05  Observer  
  88  8:07  Probe  
  88  8:11  Probe  
  88  8:12  Protoss Ground Weapons Level 1 (Chrono Boost)  
  90  8:19  Probe  
  91  8:22  Protoss Ground Armor Level 1 (Chrono Boost)  
  91  8:23  Probe  
  91  8:24  Templar Archives  
  92  8:29  Blink (Chrono Boost)  
  92  8:31  Probe  
  93  8:35  Probe  
  93  8:40  Zealot x3  
  100  8:43  Probe  
  101  8:50  Gateway  
  100  8:58  Shield Battery  
  100  8:59  Shield Battery, Gateway  
  100  9:01  Sentry x2, Shield Battery  
  98  9:18  Zealot x2  
  98  9:23  Immortal  
  106  9:36  Assimilator  
  106  9:38  Assimilator  
  106  9:45  High Templar x2  
  110  9:48  Zealot x3  
  110  9:50  Archon  
  116  10:02  Observer  
  115  10:14  Pylon  
  112  10:24  Observer  
  112  10:26  Protoss Ground Weapons Level 2 (Chrono Boost), Protoss Ground Armor Level 2 (Chrono Boost)  
  113  10:53  Probe (Chrono Boost)  
  113  10:56  Probe x2 (Chrono Boost)  
  117  11:04  Probe (Chrono Boost)  
  117  11:16  Pylon  
  117  11:18  Nexus, Pylon  
  117  11:20  Pylon x2  
  117  11:21  Pylon  
  117  11:22  Pylon  
  117  11:30  Photon Cannon  
  117  11:34  Probe x3  
  117  11:36  Photon Cannon  
  117  11:38  Photon Cannon  
  120  11:42  Photon Cannon  
  120  11:46  Probe x3  
  123  11:55  High Templar x2  
  123  11:56  High Templar x2  
  123  11:58  Probe  
  123  11:59  Archon, Immortal (Chrono Boost)  
  123  12:00  Archon  
  123  12:01  Zealot  
  138  12:11  Probe x3  
  138  12:12  Gateway  
  138  12:14  Gateway  
  141  12:16  Gateway  
  141  12:23  Probe  
  141  12:28  Photon Cannon x2  
  142  12:30  Photon Cannon  
  142  12:32  Gateway  
  142  12:33  Gateway  
  142  12:41  Zealot x5  
  142  12:42  Zealot  
  154  12:44  Warp Prism (Chrono Boost)  
  154  12:51  Probe x2  
  158  12:52  Probe x2  
  160  13:07  Robotics Bay  
  160  13:11  High Templar x2  
  160  13:12  High Templar x6  
  176  13:16  Archon x3  
  176  13:17  Archon  
  130  13:36  Zealot x3  
Tags
 
League
Diamond
Matchup
PvP
Spawn Locations
Cross Positions
Add a new tag
Caveats
  • Supply blocks, unpowered buildings, or Contaminate may cause inaccurate times.
  • Supply counts are checked every 10 seconds.